TOP OF THE 1ST |
Paris Cubs batting - Pitching for Chester Pirates : RHP Feng-yi Zhu
|
Pitching: RHP Feng-yi Zhu
|
|
Batting: SHB Dave Farrow
|
0-0: Swinging Strike 0-1: Swinging Strike 0-2: Ball 1-2: Strikes out swinging
|
Batting: SHB A.J. Purcell
|
0-0: Ball 1-0: Ball 2-0: Foul Ball, location: 2F 2-1: Ball 3-1: Swinging Strike 3-2: Foul Ball, location: 2F 3-2: Strikes out swinging
|
Batting: RHB Shigeru Maeda
|
0-0: Ball 1-0: Foul Ball, location: 2F 1-1: Called Strike 1-2: Strikes out swinging
|
Top of the 1st over - 0 runs, 0 hits, 0 errors, 0 left on base; Paris 0 - Chester 0 |
BOTTOM OF THE 1ST |
Chester Pirates batting - Pitching for Paris Cubs : RHP Luis Ibarra
|
Pitching: RHP Luis Ibarra
|
|
Batting: RHB Raul Mendoza
|
0-0: Called Strike 0-1: Ground out 6-3 (Groundball, 6, EV 88.1 MPH)
|
Batting: RHB Slamet Pamungkas
|
0-0: Called Strike 0-1: SINGLE (Groundball, 4D, EV 106.3 MPH)
|
Batting: RHB Yoshiaki Tsutsui
|
0-0: Called Strike 0-1: Ball 1-1: Swinging Strike 1-2: Ball 2-2: Ball 3-2: Strikes out looking
|
Batting: RHB Marcos Ortiz
|
0-0: Ball 1-0: Ball 2-0: Ball 3-0: Base on Balls Slamet Pamungkas to second
|
Batting: RHB Ernie Weathersbee
|
0-0: Ball 1-0: Fly out, F8 (Flyball, 89D, EV 92.5 MPH)
|
Bottom of the 1st over - 0 runs, 1 hit, 0 errors, 2 left on base; Paris 0 - Chester 0 |
TOP OF THE 2ND |
Paris Cubs batting - Pitching for Chester Pirates : RHP Feng-yi Zhu
|
Batting: LHB Steve Beckenbach
|
0-0: Called Strike 0-1: Ball 1-1: Ball 2-1: Ball 3-1: Swinging Strike 3-2: Base on Balls
|
Batting: RHB Andrew Levitz
|
0-0: Ball 1-0: Called Strike 1-1: Ball 2-1: Called Strike 2-2: Ball 3-2: Strikes out looking Steve Beckenbach steals 2nd base Batter strikes out.
|
Batting: SHB Marty Wiedmann
|
0-0: Ball 1-0: Swinging Strike 1-1: Foul Ball, location: 2F 1-2: Ball 2-2: Foul Ball, location: 2F 2-2: Strikes out swinging
|
Batting: LHB Nick McDaniel
|
0-0: Called Strike 0-1: Foul Ball, location: 2F 0-2: Ball 1-2: Ground out 1-3 (Groundball, 34S, EV 66.3 MPH)
|
Top of the 2nd over - 0 runs, 0 hits, 0 errors, 1 left on base; Paris 0 - Chester 0 |
BOTTOM OF THE 2ND |
Chester Pirates batting - Pitching for Paris Cubs : RHP Luis Ibarra
|
Batting: RHB David de la Rosa
|
0-0: Ball 1-0: Foul Ball, location: 2F 1-1: Foul Ball, location: 2F 1-2: Ball 2-2: Ball 3-2: Fly out, F3 (Popup, 3, EV 80.0 MPH)
|
Batting: RHB Kevin Hamilton
|
0-0: Ball 1-0: Swinging Strike 1-1: Fly out, F9 (Flyball, 9, EV 93.8 MPH)
|
Batting: RHB Erik Norberg
|
0-0: Ball 1-0: Swinging Strike 1-1: SINGLE (Line Drive, 4D, EV 107.5 MPH)
|
Batting: RHB Tyler Smith
|
0-0: SINGLE (Groundball, 4, EV 80.6 MPH) (infield hit) Erik Norberg to second
|
Batting: RHB Raul Mendoza
|
0-0: Called Strike 0-1: Swinging Strike 0-2: Ball 1-2: Ground out 3-1 (Groundball, 34, EV 101.9 MPH)
|
Bottom of the 2nd over - 0 runs, 2 hits, 0 errors, 2 left on base; Paris 0 - Chester 0 |
TOP OF THE 3RD |
Paris Cubs batting - Pitching for Chester Pirates : RHP Feng-yi Zhu
|
Batting: RHB Jonathan Gallup
|
0-0: Ball 1-0: Foul Ball, location: 2F 1-1: Swinging Strike 1-2: Foul Ball, location: 2F 1-2: Ball 2-2: Ground out 5-3 (Groundball, 56S, EV 75.0 MPH)
|
Batting: RHB D.J. Kelley
|
0-0: Fly out, F9 (Flyball, 9LM, EV 88.1 MPH)
|
Batting: SHB Dave Farrow
|
0-0: Foul Ball, location: 2F 0-1: Ball 1-1: Ball 2-1: TRIPLE (Line Drive, 89XD, EV 111.3 MPH)
|
Batting: SHB A.J. Purcell
|
0-0: Ball 1-0: Fly out, F7 (Flyball, 7, EV 85.0 MPH)
|
Top of the 3rd over - 0 runs, 1 hit, 0 errors, 1 left on base; Paris 0 - Chester 0 |
BOTTOM OF THE 3RD |
Chester Pirates batting - Pitching for Paris Cubs : RHP Luis Ibarra
|
Batting: RHB Slamet Pamungkas
|
0-0: Ball 1-0: Foul Ball, location: 2F 1-1: Fly out, F9 (Flyball, 89S, EV 90.6 MPH)
|
Batting: RHB Yoshiaki Tsutsui
|
0-0: Foul Ball, location: 2F 0-1: SINGLE (Groundball, 6D, EV 96.9 MPH)
|
Batting: RHB Marcos Ortiz
|
0-0: Ball 1-0: Ball 2-0: Ball 3-0: Called Strike 3-1: Called Strike 3-2: Foul Ball, location: 2F 3-2: Fly out, F8 (Flyball, 89M, EV 85.0 MPH)
|
Batting: RHB Ernie Weathersbee
|
0-0: Ball 1-0: Foul Ball, location: 2F 1-1: Foul Ball, location: 2F 1-2: Foul Ball, location: 2F 1-2: Strikes out swinging
|
Bottom of the 3rd over - 0 runs, 1 hit, 0 errors, 1 left on base; Paris 0 - Chester 0 |
TOP OF THE 4TH |
Paris Cubs batting - Pitching for Chester Pirates : RHP Feng-yi Zhu
|
Batting: RHB Shigeru Maeda
|
0-0: Ball 1-0: Foul Ball, location: 2F 1-1: SINGLE (Groundball, 56S, EV 63.1 MPH) (infield hit)
|
Batting: LHB Steve Beckenbach
|
0-0: Ball 1-0: Foul Ball, location: 2F 1-1: Foul Ball, location: 2F 1-2: Ball 2-2: Foul Ball, location: 2F 2-2: Fielders Choice at 2nd, 5-4 (Groundball, 5L, EV 105.0 MPH)
|
Batting: RHB Andrew Levitz
|
0-0: Called Strike 0-1: Ball 1-1: Foul Ball, location: 2F 1-2: Ball 2-2: Fly out, F9 (Flyball, 9, EV 87.5 MPH)
|
Batting: SHB Marty Wiedmann
|
0-0: Ball 1-0: Called Strike 1-1: Called Strike 1-2: Strikes out looking
|
Top of the 4th over - 0 runs, 1 hit, 0 errors, 1 left on base; Paris 0 - Chester 0 |
BOTTOM OF THE 4TH |
Chester Pirates batting - Pitching for Paris Cubs : RHP Luis Ibarra
|
Batting: RHB David de la Rosa
|
0-0: Foul Ball, location: 2F 0-1: SINGLE (Groundball, 6MD, EV 101.3 MPH)
|
Batting: RHB Kevin Hamilton
|
0-0: Ball 1-0: Ball 2-0: Ball 3-0: Base on Balls David de la Rosa to second
|
Batting: RHB Erik Norberg
|
0-0: Ball 1-0: SINGLE (Line Drive, 56D, EV 103.8 MPH) David de la Rosa to third Kevin Hamilton to second
|
Batting: RHB Tyler Smith
|
0-0: Foul Ball, location: 2F 0-1: Foul Ball, location: 2F 0-2: Ball 1-2: Grounds into double play, 6-4-3 (Groundball, 6, EV 83.8 MPH) David de la Rosa scores Kevin Hamilton to third
|
Batting: RHB Raul Mendoza
|
0-0: Ball 1-0: Ball 2-0: Swinging Strike 2-1: Ball 3-1: Swinging Strike 3-2: Strikes out swinging
|
Bottom of the 4th over - 1 run, 2 hits, 0 errors, 1 left on base; Paris 0 - Chester 1 |
TOP OF THE 5TH |
Paris Cubs batting - Pitching for Chester Pirates : RHP Feng-yi Zhu
|
Batting: LHB Nick McDaniel
|
0-0: Ground out 3-1 (Groundball, 34, EV 83.8 MPH)
|
Batting: RHB Jonathan Gallup
|
0-0: Ball 1-0: Called Strike 1-1: Ball 2-1: Called Strike 2-2: Strikes out swinging
|
Batting: RHB D.J. Kelley
|
0-0: Called Strike 0-1: Ball 1-1: Swinging Strike 1-2: Ball 2-2: Strikes out swinging
|
Top of the 5th over - 0 runs, 0 hits, 0 errors, 0 left on base; Paris 0 - Chester 1 |
BOTTOM OF THE 5TH |
Chester Pirates batting - Pitching for Paris Cubs : RHP Luis Ibarra
|
Batting: RHB Slamet Pamungkas
|
0-0: Foul Ball, location: 2F 0-1: SINGLE (Line Drive, 8RS, EV 103.8 MPH)
|
Batting: RHB Yoshiaki Tsutsui
|
0-0: Ball 1-0: Ball 2-0: Ball 3-0: Grounds into double play, 5-4-3 (Groundball, 56, EV 100.6 MPH)
|
Batting: RHB Marcos Ortiz
|
0-0: Ball 1-0: Called Strike 1-1: Foul Ball, location: 2F 1-2: Ball 2-2: SOLO HOME RUN (Flyball, 7D, EV 95.6 MPH), Distance : 384 ft
|
Batting: RHB Ernie Weathersbee
|
0-0: Ball 1-0: Ground out 6-3 (Groundball, 56, EV 96.9 MPH)
|
Bottom of the 5th over - 1 run, 2 hits, 0 errors, 0 left on base; Paris 0 - Chester 2 |
TOP OF THE 6TH |
Paris Cubs batting - Pitching for Chester Pirates : RHP Feng-yi Zhu
|
Batting: SHB Dave Farrow
|
0-0: Bunt missed! 0-1: Ball 1-1: Ground out 6-3 (Groundball, 6, EV 101.9 MPH)
|
Batting: SHB A.J. Purcell
|
0-0: Fly out, F7 (Line Drive, 7, EV 89.4 MPH)
|
Batting: RHB Shigeru Maeda
|
0-0: Ball 1-0: Called Strike 1-1: Foul Ball, location: 2F 1-2: Strikes out swinging
|
Top of the 6th over - 0 runs, 0 hits, 0 errors, 0 left on base; Paris 0 - Chester 2 |
BOTTOM OF THE 6TH |
Chester Pirates batting - Pitching for Paris Cubs : RHP Luis Ibarra
|
Pitching: RHP Luis Perez
|
|
Batting: RHB David de la Rosa
|
0-0: Ball 1-0: Ball 2-0: SINGLE (Groundball, 6MD, EV 96.3 MPH)
|
Batting: RHB Kevin Hamilton
|
0-0: Swinging Strike 0-1: Ball 1-1: Called Strike 1-2: Ball 2-2: Ball 3-2: Foul Ball, location: 2F 3-2: TRIPLE (Line Drive, 89XD, EV 97.5 MPH) David de la Rosa scores
|
Batting: RHB Erik Norberg
|
0-0: Ball 1-0: Ground out 6-3 (Groundball, 6, EV 87.5 MPH) Kevin Hamilton scores
|
Batting: RHB Tyler Smith
|
0-0: Ground out 5-3 (Groundball, 56, EV 86.9 MPH)
|
Batting: RHB Raul Mendoza
|
0-0: Fly out, F9 (Flyball, 9, EV 84.4 MPH)
|
Bottom of the 6th over - 2 runs, 2 hits, 0 errors, 0 left on base; Paris 0 - Chester 4 |
TOP OF THE 7TH |
Paris Cubs batting - Pitching for Chester Pirates : RHP Feng-yi Zhu
|
Batting: LHB Steve Beckenbach
|
0-0: Swinging Strike 0-1: Foul Ball, location: 2F 0-2: SINGLE (Groundball, 4MD, EV 113.8 MPH)
|
Batting: RHB Andrew Levitz
|
0-0: Called Strike 0-1: Ball Steve Beckenbach is caught stealing 2nd base 2-4 1-1: DOUBLE (Line Drive, 7LS, EV 98.8 MPH)
|
Batting: SHB Marty Wiedmann
|
0-0: Called Strike 0-1: Foul Ball, location: 2F 0-2: Foul Ball, location: 2F 0-2: Ball 1-2: Ball 2-2: Strikes out swinging
|
Batting: LHB Nick McDaniel
|
0-0: Called Strike 0-1: Ball 1-1: DOUBLE (Flyball, 89D, EV 93.1 MPH) Andrew Levitz scores
|
Pitching: RHP Chris O'Brien
|
|
Batting: RHB Jonathan Gallup
|
0-0: Foul Ball, location: 2F 0-1: Ball 1-1: Foul Ball, location: 2F 1-2: Ball 2-2: DOUBLE (Flyball, 78D, EV 93.1 MPH) Nick McDaniel scores
|
Batting: RHB D.J. Kelley
|
0-0: Fly out, F8 (Line Drive, 8RD, EV 82.5 MPH)
|
Top of the 7th over - 2 runs, 4 hits, 0 errors, 1 left on base; Paris 2 - Chester 4 |
BOTTOM OF THE 7TH |
Chester Pirates batting - Pitching for Paris Cubs : RHP Luis Perez
|
Pitching: LHP Oscar Pantoja
|
|
Batting: RHB Slamet Pamungkas
|
0-0: Ball 1-0: Called Strike 1-1: Ball 2-1: Foul Ball, location: 2F 2-2: Fly out, F8 (Line Drive, 8LD, EV 103.8 MPH)
|
Batting: RHB Yoshiaki Tsutsui
|
0-0: Called Strike 0-1: Ball 1-1: SINGLE (Line Drive, 4D, EV 106.3 MPH)
|
Batting: RHB Marcos Ortiz
|
0-0: Called Strike 0-1: Called Strike 0-2: Ball 1-2: 2-RUN HOME RUN (Flyball, 7LD, EV 94.4 MPH), Distance : 348 ft
|
Batting: RHB Ernie Weathersbee
|
0-0: SOLO HOME RUN (Flyball, 7D, EV 103.1 MPH), Distance : 386 ft
|
Pitching: RHP Tony Cabrera
|
|
Batting: RHB David de la Rosa
|
0-0: Called Strike 0-1: Ball 1-1: Called Strike 1-2: Strikes out swinging
|
Batting: RHB Kevin Hamilton
|
0-0: Ball 1-0: Foul Ball, location: 2F 1-1: Foul Ball, location: 2F 1-2: Ball 2-2: Ball 3-2: Ground out 4-3 (Groundball, 34, EV 103.8 MPH)
|
Bottom of the 7th over - 3 runs, 3 hits, 0 errors, 0 left on base; Paris 2 - Chester 7 |
TOP OF THE 8TH |
Paris Cubs batting - Pitching for Chester Pirates : RHP Chris O'Brien
|
Batting: SHB Dave Farrow
|
0-0: Ball 1-0: Ball 2-0: Foul Ball, location: 2F 2-1: SINGLE (Groundball, 4MD, EV 99.4 MPH)
|
Batting: SHB A.J. Purcell
|
0-0: Ball 1-0: Fielders Choice at 2nd, 4-6 (Groundball, 4, EV 81.3 MPH)
|
Batting: RHB Shigeru Maeda
|
0-0: Ball 1-0: Ball 2-0: Ball 3-0: Called Strike 3-1: Base on Balls A.J. Purcell to second
|
Batting: LHB Steve Beckenbach
|
0-0: Foul Ball, location: 2F 0-1: Ball 1-1: Ball 2-1: Foul Ball, location: 2F 2-2: Foul Ball, location: 2F 2-2: Ball 3-2: Base on Balls A.J. Purcell to third Shigeru Maeda to second
|
Batting: RHB Andrew Levitz
|
0-0: Called Strike 0-1: Ball 1-1: Ball 2-1: Foul Ball, location: 2F 2-2: Strikes out swinging
|
Batting: SHB Marty Wiedmann
|
0-0: Swinging Strike 0-1: Ball 1-1: Fielders Choice at 2nd, 6-4 (Groundball, 56, EV 91.3 MPH)
|
Top of the 8th over - 0 runs, 1 hit, 0 errors, 3 left on base; Paris 2 - Chester 7 |
BOTTOM OF THE 8TH |
Chester Pirates batting - Pitching for Paris Cubs : RHP Tony Cabrera
|
Batting: RHB Erik Norberg
|
0-0: Swinging Strike 0-1: Swinging Strike 0-2: Ball 1-2: Strikes out swinging
|
Batting: RHB Tyler Smith
|
0-0: Foul Ball, location: 2F 0-1: Ball 1-1: Ball 2-1: Ball 3-1: Base on Balls
|
Batting: RHB Raul Mendoza
|
0-0: Called Strike 0-1: Foul Ball, location: 2F 0-2: Ball 1-2: Ball 2-2: Foul Ball, location: 2F 2-2: Foul Ball, location: 2F 2-2: Foul Ball, location: 2F 2-2: Strikes out looking
|
Batting: RHB Slamet Pamungkas
|
0-0: Swinging Strike 0-1: Swinging Strike 0-2: Ball 1-2: Ball 2-2: Strikes out swinging
|
Bottom of the 8th over - 0 runs, 0 hits, 0 errors, 1 left on base; Paris 2 - Chester 7 |
TOP OF THE 9TH |
Paris Cubs batting - Pitching for Chester Pirates : RHP Chris O'Brien
|
Batting: LHB Nick McDaniel
|
0-0: Ball 1-0: Called Strike 1-1: Called Strike 1-2: Strikes out swinging
|
Batting: RHB Jonathan Gallup
|
0-0: Called Strike 0-1: Foul Ball, location: 2F 0-2: Ball 1-2: Ball 2-2: Foul Ball, location: 2F 2-2: Fly out, F7 (Flyball, 78M, EV 86.9 MPH)
|
Batting: RHB D.J. Kelley
|
0-0: Called Strike 0-1: Fly out, F8 (Flyball, 89M, EV 85.0 MPH)
|
Top of the 9th over - 0 runs, 0 hits, 0 errors, 0 left on base; Paris 2 - Chester 7 |
|